 Dungeon Crawl Stone Soup version 0.24.0-123-gd5b16e6ec5 (webtiles) character file.

Game seed: 14687983634615157717, levelgen mode: deterministic

129 DeadFury222 the Sneak (level 5, -1/39 HPs)
             Began as an Octopode Assassin on Jan 10, 2020.
             Slain by an orc wizard
             ... wielding a +0 dagger
              (2 damage)
             ... on level 3 of the Dungeon.
             The game lasted 00:10:43 (2144 turns).

DeadFury222 the Sneak (Octopode Assassin)           Turns: 2144, Time: 00:10:44

Health: -1/39      AC:  4    Str: 12    XL:     5   Next: 12%
Magic:  5/5        EV: 16    Int: 13    God:
Gold:   99         SH:  0    Dex: 13    Spells: 4/4 levels left

rFire    . . .     SeeInvis .   g - +4 dagger
rCold    . . .     Gourm    .   (no shield)
rNeg     . . .     Faith    .   (helmet restricted)
rPois    .         Spirit   .   (no amulet)
rElec    .         Reflect  .   s - +3 ring of protection
rCorr    .         Harm     .   t - +3 ring of evasion
MR       .....                  (no ring)
Stlth    ++++......             (no ring)
HPRegen  0.13/turn              (no ring)
MPRegen  0.09/turn              (no ring)
                                (no ring)
                                (no ring)

@: no status effects
A: almost no armour, stealthy swim, amphibious, 8 rings, constrict 8, camouflage
1, gelatinous body 1
a: no special abilities


You were on level 3 of the Dungeon.
You were not hungry.

You visited 1 branch of the dungeon, and saw 3 of its levels.

You collected 99 gold pieces.

Inventory:

Hand Weapons
 g - a +4 dagger (weapon)
 q - a +0 hunting sling
Missiles
 b - 15 poisoned darts (quivered)
 c - 2 curare-tipped darts
Jewellery
 e - a cursed ring of teleportation
 s - a +3 ring of protection (left tentacle)
 t - a +3 ring of evasion (right tentacle)
Scrolls
 h - 2 scrolls of random uselessness {unknown}
 k - 3 scrolls of remove curse
 m - a scroll of fog {unknown}
 o - a scroll of magic mapping {unknown}
 p - a scroll of fear {unknown}
 r - a scroll of blinking {unknown}
 v - a scroll of identify
Potions
 f - a potion of berserk rage {unknown}
 i - a potion of brilliance {unknown}
 j - 2 potions of agility {unknown}
 l - 2 potions of curing {unknown}
 n - a potion of heal wounds {unknown}
 u - a potion of lignification {unknown}
Comestibles
 a - a chunk of flesh
 d - 6 rations


   Skills:
 + Level 5.1 Fighting
 - Level 2.0 Short Blades
 - Level 2.0 Throwing
 - Level 1.0 Dodging
 - Level 5.3 Stealth


You had 4 spell levels left.
You didn't know any spells.
Your spell library was empty.

Dungeon Overview and Level Annotations

Branches:
Dungeon (3/15)

Altars:
Fedhas
Kikubaaqudgha


Innate Abilities, Weirdness & Mutations

You cannot wear most types of armour.
You are very stealthy in the water. (Stealth+)
You are amphibious.
You can wear up to eight rings at the same time.
You can use your tentacles to constrict eight enemies at once.
Your skin changes colour to match your surroundings (Stealth+).
Your rubbery body absorbs attacks. (AC +1, EV +1)


Message History

Something tries to affect you, but you resist.
You hit the orc. Your grab misses the orc. Your squeeze misses the orc.
The orc is almost dead.
Something hits you but does no damage. The orc completely misses you.
You hit the orc.
You kill the orc!
Something hits you but does no damage. Something hits you.
You miss something. Something hits you but does no damage. Something hits you.
* * * LOW HITPOINT WARNING * * *
You barely miss something.
You hear some strange, mumbled words.
A puff of frost appears from out of thin air!
The puff of frost hits you!
* * * LOW HITPOINT WARNING * * *
Something barely misses you.
You barely miss something. Something hits you but does no damage.
Something hits you.
* * * LOW HITPOINT WARNING * * *
You hit something. Something hits you.
You die...

####.............# ##
#####............# ...
..........####.###..##
......................
...........###......##
#####......# #.###......
. #......# #.# ..... .#
........# #.####....<
..#........###..@)oo....
..#..........?..{##..###
...........# #
...#.......# . #.......#
..###.##... ... #+##.###
... ... .. ..#


You could see 2 orcs.

Vanquished Creatures
  Robin (D:2)
  3 gnolls (D:3)
  3 adders
  A worm (D:2)
  2 dart slugs
  An orc (D:3)
  A giant cockroach (D:1)
  14 goblins
  7 hobgoblins
  6 kobolds
  7 bats
  4 frilled lizards
  8 rats
58 creatures vanquished.

Notes
Turn   | Place    | Note
-------+----------+-------------------------------------------
     0 | D:1      | DeadFury222 the Octopode Assassin began the quest for the
                  | Orb.
     0 | D:1      | Reached XP level 1. HP: 14/14 MP: 1/1
   173 | D:1      | Reached XP level 2. HP: 20/20 MP: 2/2
   583 | D:1      | Reached XP level 3. HP: 25/26 MP: 3/3
   886 | D:2      | Noticed Robin
   922 | D:2      | HP: 1/27 [goblin/cursed -1 hunting sling[Robin] (1)]
   926 | D:2      | Killed Robin
  1218 | D:2      | Reached XP level 4. HP: 30/33 MP: 4/4
  1389 | D:2      | Found a blossoming altar of Fedhas.
  1393 | D:2      | Found an ancient bone altar of Kikubaaqudgha.
  1929 | D:3      | Reached skill level 5 in Fighting
  1929 | D:3      | Reached XP level 5. HP: 39/39 MP: 5/5
  2143 | D:3      | HP: 1/39 [something (2)]
  2144 | D:3      | Slain by an orc wizard

Levels and vault maps discovered:
D:1:      dpeg_arrival_houses_and_road, layout_loops_ring,
          chequers_serial_rivers_small_a, minmay_splitting_lines
D:2:      cheibrodos_old_hovel, layout_basic,
          grunt_temple_overflow_growth_and_decay, uniq_robin
D:3:      layout_basic

Skill      XL: |  1  2  3  4 |
---------------+-------------+-----
Fighting       | 3 4 5 |  5.1
Short Blades   | |  2.0
Throwing       | |  2.0
Dodging        | |  1.0
Stealth        | |  5.3

Action                   |  1- 3 |  4- 6 || total
-------------------------+-------+-------++-------
Melee: Dagger            |    68 |    43 ||   111
       Constrict         |    19 |     8 ||    27
       Tentacles         |     7 |     5 ||    12
Throw: Dart              |     1 |     7 ||     8
  Use: Scroll            |       |     4 ||     4
 Stab: Sleeping          |    12 |     5 ||    17
  Eat: Chunk             |       |     4 ||     4
Armor: Skin              |     8 |    10 ||    18
Dodge: Dodged            |    28 |    17 ||    45
